 Dungeon Crawl Stone Soup version 0.31-a0-233-g139696dc86 (webtiles) character file.

Game seed: 11823192779862631936

889 olmar the Cudgeller (level 7, 0/64 HPs)
             Began as an Armataur Fighter on July 8, 2023.
             Slain by a yak (12 damage)
             ... on level 5 of the Dungeon.
             The game lasted 00:05:07 (3604 turns).

olmar the Cudgeller (Armataur Fighter)              Turns: 3604, Time: 00:05:07

Health: 0/64       AC:  7    Str: 24    XL:     7   Next: 77%
Magic:  7/7        EV:  7    Int:  8    God:
Gold:   223        SH:  6    Dex:  9    Spells: 6/6 levels left

rFire   . . .        a - +0 flail
rCold   . . .        q - +2 buckler
rNeg    . . .        b - +0 scale mail
rPois   .            (no helmet)
rElec   .            (no cloak)
rCorr   .            (no gloves)
SInv    .            (no barding)
Will    .....        (no amulet) Stlth
                     (no ring)
HPRegen 0.30/turn    (no ring)
MPRegen 0.10/turn

%: roll
@: invisible
A: large, rugged brown scales 3, deformed body, armoured tail, roll, long
tongue, awkward tongue
a: no special abilities


You were on level 5 of the Dungeon.
You visited 1 branch of the dungeon, and saw 5 of its levels.
You also visited: Ossuary.

You collected 223 gold pieces.

Inventory:

Hand Weapons
 a - a +0 flail (weapon)
Armour
 b - a +0 scale mail (worn)
 c - a +0 buckler
 q - a +2 buckler (worn)
Jewellery
 m - a ring of magical power
Scrolls
 d - 2 scrolls of fog
 g - a scroll of amnesia {unknown}
 i - 3 scrolls of poison
 j - a scroll of teleportation {unknown}
 k - 3 scrolls of immolation
 u - a scroll of revelation {unknown}
 v - 5 scrolls of noise
 y - 2 scrolls of identify
 z - a scroll of fear {unknown}
 A - a scroll of enchant weapon {unknown}
Potions
 e - 2 potions of heal wounds
 f - a potion of invisibility
 h - 3 potions of resistance
 l - 3 potions of curing {unknown}
 n - a potion of magic {unknown}
 o - a potion of enlightenment {unknown}
 p - 2 potions of lignification {unknown}
 r - a potion of brilliance {unknown}
 s - a potion of haste {unknown}
 t - 5 potions of mutation
 w - 2 potions of might
 x - a potion of cancellation {unknown}
 B - a potion of attraction {unknown}


   Skills:
 + Level 4.5 Fighting
 + Level 5.9 Maces & Flails
 + Level 5.8 Armour
 + Level 4.6 Shields


You had 6 spell levels left.
You didn't know any spells.
Your spell library contained the following spells:

 Spells                   Type           Power      Damage    Failure   Level
 Summon Forest            Summ/Tloc      0%         N/A       100%        5
 Summon Mana Viper        Hex/Summ       0%         N/A       100%        5
 Summon Cactus Giant      Summ           0%         N/A       100%        6


Dungeon Overview and Level Annotations

Branches:
Dungeon (5/15)            Ossuary (visited)
 Temple: D:4-7

Altars:
Ashenzari
Xom

Annotations:
D:2 Terence


Innate Abilities, Weirdness & Mutations

You are completely covered in rugged brown scales. (AC +3, +7% HP)
Armour fits poorly on your strangely shaped body.
You have a long armoured tail.
You roll when moving toward enemies. (Rampage)
Your long tongue fully drains potion bottles. (2x potion effects)
Your tongue gives you trouble enunciating. (1.5x scroll delay)


Message History

The yak is lightly wounded.
The yak bellows! x2
The yak gores you but does no damage.
Unknown command.
You hit the yak.
The yak is moderately wounded.
The yak bellows!
Unknown command.
You barely miss the yak.
The yak is moderately wounded.
The yak bellows!
The yak gores you.
Unknown command.
You hit the yak.
The yak is moderately wounded.
You block the yak's attack.
Unknown command.
You completely miss the yak.
The yak is moderately wounded.
The yak bellows!
Unknown command.
You hit the yak.
The yak is lightly wounded.
The yak bellows!
Unknown command.
You barely miss the yak.
The yak is severely wounded.
The yak bellows!
The yak gores you! You block the yak's attack. x2
Unknown command.
You closely miss the yak.
The yak is severely wounded.
The yak gores you! x2
* * * LOW HITPOINT WARNING * * *
The yak barely misses you.
Unknown command.
You are too injured to fight recklessly!
Unknown command.
The yak gores you!
You die...

##..........#
#......######
######.####.#
#.[....# #.#
#.#########.#
#.........#.#
#################.#.#
.......!..Y######.#.#
######...YY.@..#.#.#
#....YYY##.#.#.#
#....##.##.#.#.#
#.####.....#)#.# #.
#.....#.#.# #.
#.###'#.#.# #.
#.#...).#.# #Y
..#.....#.#
####.....#.#


You could see 6 yaks.

Vanquished Creatures
  Sigmund (D:2)
  A water moccasin (D:5)
  An ice beast (D:5)
  A phantom (D:4)
  A bullfrog (D:4)
  A human zombie (Ossuary)
  2 centaur zombies (Ossuary)
  A sleepcap (D:5)
  2 iguanas
  4 mummies
  4 gnolls (D:5)
  5 adders
  A shadow imp (D:4)
  A white imp (D:5)
  3 worms
  2 dart slugs
  9 bats
  7 endoplasms
  4 giant cockroaches
  2 gnoll zombies (Ossuary)
  8 goblins
  6 hobgoblins
  5 jackals
  4 quokkas
  6 ball pythons
  2 frilled lizards (D:1)
  A goblin zombie (Ossuary)
  2 hobgoblin zombies (Ossuary)
  A kobold (D:3)
  5 rats
93 creatures vanquished.

Notes
Turn   | Place    | Note
-------+----------+-------------------------------------------
     0 | D:1      | olmar the Armataur Fighter began the quest for the Orb.
     0 | D:1      | Reached XP level 1. HP: 19/19 MP: 1/1
    88 | D:1      | Reached XP level 2. HP: 27/27 MP: 2/2
   394 | D:1      | Reached XP level 3. HP: 31/33 MP: 3/3
   768 | D:2      | Noticed Terence
   879 | D:2      | Found a faded altar of an unknown god.
   914 | D:2      | Noticed Sigmund
   924 | D:2      | Killed Sigmund
   925 | D:2      | Reached XP level 4. HP: 15/41 MP: 4/4
   925 | D:2      | Reached XP level 5. HP: 18/48 MP: 5/5
  1137 | D:2      | Found a broken altar of Ashenzari.
  1848 | D:3      | Found a shimmering altar of Xom.
  1964 | D:3      | Reached XP level 6. HP: 55/55 MP: 6/6
  2176 | D:4      | Found a sand-covered staircase.
  2190 | Ossuary  | Entered an ossuary
  2468 | Ossuary  | Reached skill level 5 in Armour
  2829 | D:4      | Reached skill level 5 in Maces & Flails
  2829 | D:4      | Reached XP level 7. HP: 57/63 MP: 7/7
  3186 | D:5      | Entered Level 5 of the Dungeon
  3579 | D:5      | Noticed a yak
  3579 | D:5      | Noticed a yak
  3580 | D:5      | Noticed a yak
  3586 | D:5      | Noticed a yak
  3589 | D:5      | Noticed a yak
  3591 | D:5      | Noticed a yak
  3604 | D:5      | Slain by a yak

Illustrated notes

Levels and vault maps discovered:
D:1:      lightli_arrival_chessboard, layout_rooms, minmay_door_square
D:2:      layout_loops_corners, basic_altar, ebering_ecumenical_altar_webs,
          uniq_terence, uniq_sigmund
D:3:      layout_rooms, lemuel_doored_altar, minmay_fountain_box,
          kennysheep_nub, grunt_ministairs_7, minmay_misc_feat_secret_circle,
          minmay_misc_feat_columns
D:4:      layout_rooms, gup_ossuary_entry_pyramid
D:5:      layout_basic

Skill      XL: |  1  2  3  4  5  6 |
---------------+-------------------+-----
Fighting       | 3 4 |  4.5
Maces & Flails | 2 3 4 5 |  5.9
Armour         | 4 5 |  5.8
Shields        | 4 |  4.6

Action                     |  1- 3 |  4- 6 |  7- 9 || total
---------------------------+-------+-------+-------++-------
  Melee: Flail             |    94 |   188 |    86 ||   368
         Tailslap          |     6 |    16 |    10 ||    32
    Use: Potion            |     1 |       |     3 ||     4
         Scroll            |       |     5 |       ||     5
   Stab: Invisible         |       |       |     3 ||     3
 Armour: Scale mail        |    83 |    78 |    36 ||   197
  Dodge: Dodged            |    38 |    54 |    29 ||   121
  Block: Buckler           |    22 |    40 |    18 ||    80

Table legend: (Time is in decaauts)
 A = Elapsed time spent in this place.
 B = Non-inter-level travel time spent in this place.
 C = Inter-level travel time spent in this place.
 D = Time resting spent in this place.
 E = Time spent auto-exploring this place.
 F = Levels seen in this place.
 G = Mean time per level.
                   A        B        C        D        E       F      G
               +--------+--------+--------+--------+--------+-----+--------+
         Total |   3691 |   3597 |     94 |    459 |   2149 |   6 |  615.2 |
       Dungeon |   3199 |   3105 |     94 |    313 |   1996 |   5 |  639.8 |
       Ossuary |    491 |    491 |      0 |    146 |    153 |   1 |  491.0 |
               +--------+--------+--------+--------+--------+-----+--------+

Top non-repeatable levels by time:
     D:2: 924 daAuts
     D:1: 741 daAuts
     D:3: 630 daAuts
 Ossuary: 491 daAuts
     D:4: 477 daAuts
     D:5: 426 daAuts
